 Dungeon Crawl Stone Soup version 0.17-a0-725-gfa8c127 (webtiles) character file.

90708 nubinia the Destroyer (level 16, 88/88 HPs)
             Began as a Gargoyle Fire Elementalist on Apr 19, 2015.
             Was the Champion of Vehumet.
             Quit the game on level 4 of the Orcish Mines on Apr 20, 2015.
             The game lasted 04:32:26 (32795 turns).

nubinia the Destroyer (Gargoyle Fire Elementalist) Turns: 32795, Time: 04:32:26

Health: 88/88      AC: 37    Str: 14      XL:     16   Next: 1%
Magic:  60/60      EV: 13    Int: 22 (25) God:    Vehumet [******]
Gold:   4003       SH:  7    Dex: 13      Spells: 14 memorised, 2 levels left

rFire  + . .     SeeInvis .     a - +3 mace (protect)
rCold  + . .     Clarity  +     L - +2 troll leather armour
rNeg   + . .     SustAb   .     Z - +0 buckler {AC+3}
rPois  ∞         Gourm    .     N - +3 hat of Pondering {ponderous, MR+ MP+10 Int+5}
rElec  +         Spirit   .     U - +2 cloak
rCorr  .         Warding  .     u - +0 pair of gloves
rMut   .         Stasis   .     M - +2 pair of boots {Fly}
MR     ++...                    B - amulet of regeneration
Stlth  +++.......               Q - ring of magical power
                                C - ring of Fun {rF+ rC+ MP+9 Dex+2}

@: flying, slow, very resistant to hostile enchantments, fairly stealthy
A: big wings, clarity, mutation resistance 1, negative energy resistance 1,
electricity resistance, unbreathing, petrification resistance, rot immunity, AC
+11
a: Stop Flying, Renounce Religion


You were on level 4 of the Orcish Mines.
You worshipped Vehumet.
Vehumet was exalted by your worship.
You were not hungry.

You visited 3 branches of the dungeon, and saw 24 of its levels.
You also visited: Bailey and Ice Cave.

You collected 4087 gold pieces.
You spent 84 gold pieces at shops.

Inventory:

Hand weapons
 a - a +3 mace of protection (weapon)
 b - the +7 scimitar "Veliuzi" {flame, rPois rF+ rC+ Stlth+}
   (You found it on level 8 of the Lair of Beasts)

   It has been specially enchanted to burn those struck by it, causing extra
   injury to most foes and up to half again as much damage against particularly
   susceptible opponents.
   Big, fiery blades are also staple armaments of hydra-hunters.
   It protects you from fire.
   It protects you from cold.
   It protects you from poison.
   It makes you more stealthy.
 l - the +8 falchion of a ziggurat {slice, MR+}
   (You took it off a centaur on level 10 of the Dungeon)

   It inflicts extra damage upon your enemies.
   It affects your resistance to hostile enchantments.
 E - a +0 blowgun
Missiles
 s - 377 stones (quivered)
 x - 7 curare-tipped needles
Armour
 i - a +1 ring mail of cold resistance
 u - a +0 pair of gloves (worn)
 L - a +2 troll leather armour (worn)
 M - a +2 pair of boots of flying (worn)
 N - the +3 hat of Pondering (worn) {ponderous, MR+ MP+10 Int+5}
   (You took it off Gastronok on level 3 of the Lair of Beasts)

   It affects your intelligence (+5).
   It affects your resistance to hostile enchantments.
   It affects your magic capacity (+10).
 U - a +2 cloak (worn)
 Z - a +0 buckler of protection (worn)
Jewellery
 w - a +3 ring of dexterity
 B - an amulet of regeneration (around neck)
 C - the ring of Fun (left hand) {rF+ rC+ MP+9 Dex+2}
   (You found it on level 2 of the Lair of Beasts)

   [ring of magical power]

   It affects your dexterity (+2).
   It protects you from fire.
   It protects you from cold.
   It affects your magic capacity (+9).
 K - an uncursed amulet of resist corrosion
 Q - a ring of magical power (right hand)
 W - a +3 ring of evasion
 Y - an uncursed amulet of stasis
Magical devices
 e - a wand of hasting (1)
 m - a wand of lightning (7)
 p - a wand of teleportation (5)
 q - a wand of digging (12)
 r - a wand of draining (4)
 S - a wand of fire (6)
 T - a wand of invisibility (3)
 X - a wand of cold (7)
Scrolls
 g - 8 scrolls of teleportation
 k - 6 scrolls of remove curse
 o - 4 scrolls of magic mapping
 y - 3 scrolls of recharging
 G - 3 scrolls of fear
Potions
 d - 2 potions of might
 f - a potion of resistance
 h - 2 potions of haste
 j - 7 potions of curing
 n - 2 potions of agility
 z - 2 potions of brilliance
 I - 4 potions of heal wounds
 J - a potion of magic
 P - a potion of cancellation
 R - 2 potions of berserk rage
Books
 c - a book of Spatial Translocations

   Spells                             Type                      Level
   a - Apportation                    Translocation                1
   b - Blink                          Translocation                2
   c - Shroud of Golubria             Charms/Translocation         2
   d - Portal Projectile              Translocation                3
   e - Teleport Other                 Translocation                3
   f - Passage of Golubria            Translocation                4
Comestibles
 v - 11 slices of pizza


   Skills:
 + Level 6.0 Fighting
 + Level 1.6 Long Blades
 + Level 4.4 Maces & Flails
 + Level 6.4 Armour
 + Level 4.0 Dodging
 + Level 7.0 Stealth
 + Level 12.2 Shields
 + Level 12.5 Spellcasting
 + Level 13.2 Conjurations
 + Level 3.0 Translocations
 - Level 2.3 Transmutations
 + Level 11.7 Fire Magic
 + Level 1.7 Air Magic
 + Level 7.5 Earth Magic
 + Level 0.2 Poison Magic


You had 2 spell levels left.
You knew the following spells:

 Your Spells              Type           Power        Failure   Level  Hunger
a - Flame Tongue          Conj/Fire      #####        1%          1    None
b - Throw Flame           Conj/Fire      ######       1%          2    None
c - Conjure Flame         Conj/Fire      ######..     1%          3    None
d - Sticky Flame          Conj/Fire      ######..     1%          4    None
e - Shock                 Conj/Air       ####         1%          1    None
f - Sting                 Conj/Pois      ####         1%          1    None
g - Mephitic Cloud        Conj/Pois/Air  #####...     1%          3    None
h - Sandblast             Erth           #####.       1%          1    None
i - Ignite Poison         Fire/Trmt      #####.....   3%          5    ####...
j - Ozocubu's Refrigerat  Ice            ##........   99%         6    #####..
k - Passwall              Trmt/Erth      #####.....   1%          3    None
l - Apportation           Tloc           ####......   1%          1    None
m - Bolt of Magma         Conj/Fire/Erth ######....   1%          5    ####...
s - Stoneskin             Trmt/Erth      #####...     1%          2    None


Dungeon Overview and Level Annotations

Branches:
Dungeon (12/15) Temple (0/1) D:6 Lair (8/8) D:10 Swamp (0/5) Lair:5 Snake (0/5) Lair:4 Lair:5 Slime (0/6) Lair:6 Orc (4/4) D:12 Elf (0/3) Orc:3

Altars:
Cheibriados
Dithmenos
Elyvilon
Fedhas
Kikubaaqudgha
Makhleb
Okawaru
Qazlal
Ru
Vehumet
Xom
Yredelemnul
Zin
The Shining One
Beogh

Shops:
D:4 (   D:9 %(   Orc:2 }   Orc:4 %(*}

Portals:
Hell: Lair:8
Pandemonium: Orc:4

Annotations:
D:3 Grinder
D:8 2 runed doors
Lair:4 Rupert
Lair:6 jernau's ghost, powerful HOFi


Innate Abilities, Weirdness & Mutations

You are resistant to torment.
Your stone body is resilient (AC +11).
You are immune to poison.
Your large and strong wings let you fly indefinitely.
You resist negative energy.
You are resistant to electric shocks.
You can survive without breathing.
You are immune to petrification.
You are immune to rotting.
You possess an exceptional clarity of mind.
You are somewhat resistant to further mutation.


Message History

t - a shiny ring mail Wear which item? (? for menu, Esc to quit)
You start putting on your armour.
You continue putting on your shiny ring mail. x4
You finish putting on your +2 ring mail of poison resistance.
You feel resistant to poison.
You start removing your armour.
You continue taking off your +2 ring mail of poison resistance. x4
You finish taking off your +2 ring mail of poison resistance.
You drop a +2 ring mail of poison resistance.
Search for what [Enter for "ego", or ? for help]?
Wear which item? (? for menu, Esc to quit)
You start putting on your armour.
You continue putting on your +2 troll leather armour. x4
You finish putting on your +2 troll leather armour.
Saving game... please wait.
Welcome back, nubinia the Gargoyle Fire Elementalist.
Vehumet says: Let it end in hellfire!
Press ? for a list of commands and other information.
Are you sure you want to abandon this character and quit the game? (Confirm with "yes".)

##...###)#...#.###.#)......##
#....####.....###..........#
##.....###..)###..........###
###.....###.###...)...)##.#.#
#####.##.....#####..#............
..##...#......###..........##.#.#
...............#......##...##.###
...............[.....[....##...#
#.........(..)..@.....##.####.##
#.......#........[).[##### ###
#..##.........#....[##
...##.........#...#.##
#.##.................#
##.#..###.###.....#..###
)......#### ##.........##
##.#....# ##.#.##....# ####...##
########.##


There were no monsters in sight!

Vanquished Creatures
  Gastronok (Lair:3)
  The ghost of wotan the Warrior, a powerful MiBe of Trog (Lair:8)
  A dire elephant (Lair:8)
  Snorg (Lair:7)
  Josephine (Orc:3)
  Erolcha (D:12)
  2 ice dragons (IceCv)
  7 hydras
  5 death yaks
  The ghost of oplop the Fighter, an experienced DsGl of Ru (D:11)
  6 orc high priests (Orc:4)
  Sonja (D:12)
  A hell beast (Lair:8)
  A sun demon (Orc:4)
  2 wizards
  2 infernal demonspawn (Orc:4)
  An unseen horror (D:11)
  A torturous demonspawn (Orc:4)
  2 ice statues (IceCv)
  4 hill giants
  6 orc knights
  3 griffons
  2 ugly things (D:12)
  A cyclops (Orc:3)
  The ghost of barthelme the Ducker, an experienced TrBe of Trog (D:5)
  5 orc sorcerers (Orc:4)
  10 black mambas
  16 elephants
  7 orange demons
  A rust devil (Orc:4)
  10 spiny frogs
  5 komodo dragons
  7 fire drakes
  A kobold demonologist (D:11)
  3 trolls
  3 red devils
  A hellwing (Lair:8)
  2 polar bears
  Prince Ribbit (D:5)
  2 blue devils (Lair:8)
  3 slime creatures (Lair:6)
  35 blink frogs
  2 deep elf magi
  2 two-headed ogres
  A trapdoor spider (D:11)
  2 wyverns
  7 basilisks
  A spriggan (D:8)
  49 yaks
  6 hippogriffs
  2 hungry ghosts
  4 wraiths (Orc:2)
  2 neqoxecs (Orc:4)
  A warg (Orc:1)
  10 porcupines
  A chaos spawn (Orc:4)
  15 wolves
  16 water moccasins
  A soldier ant (D:10)
  2 nagas (Lair:5)
  4 ogres
  32 orc warriors
  2 sky beasts
  A necrophage (D:12)
  9 centaurs
  4 phantoms
  4 black bears
  A boring beetle (Lair:7)
  An eye of draining (D:11)
  21 ice beasts
  15 crocodiles
  A brain worm (Lair:8)
  4 big kobolds
  25 giant frogs
  2 wyvern skeletons
  A water moccasin skeleton (D:8)
  21 killer bees
  4 wights (D:8)
  2 goliath beetles (D:10)
  6 crimson imps
  8 hounds
  A jelly (Lair:6)
  3 centaur zombies
  3 giant frog skeletons
  4 giant frog zombies
  47 orc priests
  A quasit (D:8)
  29 orc wizards
  2 centaur skeletons
  8 iguanas
  Jessica (D:3)
  Natasha (twice) (D:3)
  11 worker ants
  9 sheep
  A hound zombie (D:7)
  2 hound skeletons
  58 river rats
  A gnoll (Bailey)
  4 shadow imps
  12 white imps (Lair:6)
  13 adders
  An ooze (D:4)
  3 adder zombies
  3 adder skeletons
  4 worms
  4 giant geckos
  231 orcs
  21 bats
  A bat skeleton (D:6)
  3 giant cockroaches
  20 hobgoblins
  5 jackals
  42 kobolds
  4 quokkas
  6 ball pythons
  2 giant gecko skeletons
  A giant gecko zombie (D:8)
  6 giant newts
  29 goblins
  A jackal skeleton (D:7)
  12 rats
  2 fungi (Lair:7)
  A plant (Lair:3)
1073 creatures vanquished.

Vanquished Creatures (collateral kills)
  2 orcs (Orc:1)
2 creatures vanquished.

Vanquished Creatures (others)
  An orange demon (Lair:8)
  An orc warrior (Orc:4)
  A quokka (D:6)
  A bat (D:6)
  6 fungi
  4 plants (Lair:8)
14 creatures vanquished.

Grand Total: 1089 creatures vanquished

Notes
Turn   | Place    | Note
--------------------------------------------------------------
     0 | D:1      | nubinia, the Gargoyle Fire Elementalist, began the quest for the Orb.
     0 | D:1      | Reached XP level 1. HP: 10/10 MP: 3/3
   251 | D:1      | Reached XP level 2. HP: 15/15 MP: 1/5
   293 | D:1      | Learned a level 2 spell: Throw Flame
   784 | D:1      | Reached XP level 3. HP: 13/19 MP: 1/6
  1212 | D:2      | Gained mutation: You are somewhat resistant to further mutation. [potion of mutation]
  1212 | D:2      | Gained mutation: You possess an exceptional clarity of mind. [potion of mutation]
  1448 | D:2      | Learned a level 3 spell: Conjure Flame
  2144 | D:3      | Reached XP level 4. HP: 24/24 MP: 5/7
  2256 | D:3      | Found a white marble altar of Elyvilon.
  2264 | D:3      | Noticed Natasha
  2292 | D:3      | Killed Natasha
  2390 | D:3      | Noticed Jessica
  2393 | D:3      | Killed Jessica
  2395 | D:3      | Reached XP level 5. HP: 28/28 MP: 3/8
  2453 | D:3      | Noticed Grinder
  2979 | D:4      | Noticed a phantom
  3190 | D:4      | Found Roleinn's Weapon Shoppe.
  3292 | D:5      | Entered Level 5 of the Dungeon
  3292 | D:5      | Noticed Prince Ribbit
  3292 | D:5      | Noticed barthelme's ghost (experienced TrBe)
  3484 | D:4      | Noticed a hippogriff
  3743 | D:5      | Noticed a phantom
  4059 | D:4      | Found a blossoming altar of Fedhas.
  4061 | D:4      | Found an ancient bone altar of Kikubaaqudgha.
  4449 | D:5      | Reached skill level 4 in Fire Magic
  4449 | D:5      | Reached XP level 6. HP: 26/32 MP: 1/10
  4455 | D:5      | Learned a level 4 spell: Sticky Flame
  4556 | D:5      | Got a crude cloak
  4562 | D:5      | Identified the +1 cloak "Bevots" {rPois rF+ Int-4} (You found it on level 5 of the Dungeon)
  4678 | D:6      | Reached skill level 1 in Maces & Flails
  4964 | D:5      | Reached XP level 7. HP: 37/37 MP: 4/12
  5625 | D:5      | Noticed an ogre
  5629 | D:5      | Killed an ogre
  5629 | D:5      | Reached skill level 1 in Fighting
  5951 | D:5      | Reached skill level 5 in Fire Magic
  6287 | D:5      | Killed a phantom
  6452 | D:5      | Reached XP level 8. HP: 15/43 MP: 0/14
  6858 | D:6      | Found a radiant altar of Vehumet.
  6941 | D:6      | Found a sacrificial altar of Ru.
  6944 | D:6      | Became a worshipper of Vehumet
  7020 | D:6      | Found an iron altar of Okawaru.
  7034 | D:6      | Found a shimmering altar of Xom.
  7037 | D:6      | Found a stormy altar of Qazlal.
  7040 | D:6      | Found a snail-covered altar of Cheibriados.
  7275 | D:7      | Found Wonysuug's Antique Armour Shop.
  7351 | D:6      | Reached skill level 5 in Conjurations
  8136 | D:6      | Reached skill level 1 in Armour
  8136 | D:6      | Reached skill level 5 in Spellcasting
  8225 | D:6      | Found a staircase to the Ecumenical Temple.
  8597 | D:7      | Acquired Vehumet's first power
  8597 | D:7      | Offered knowledge of Shock by Vehumet.
  8600 | D:7      | Learned a level 1 spell: Shock
  8877 | D:7      | Found a burning altar of Makhleb.
  8878 | D:7      | Found a glowing silver altar of Zin.
  8878 | D:7      | Noticed an angel
  8879 | D:7      | Noticed a balrug
  9005 | D:7      | Reached skill level 6 in Fire Magic
  9005 | D:7      | Reached XP level 9. HP: 47/47 MP: 7/17
  9573 | D:5      | Killed Prince Ribbit
  9858 | D:3      | Noticed Natasha
  9963 | D:3      | Killed Natasha
 10085 | D:4      | Offered knowledge of Sting by Vehumet.
 10088 | D:4      | Learned a level 1 spell: Sting
 10361 | D:4      | Killed a phantom
 10539 | D:5      | Killed barthelme's ghost
 10829 | D:5      | Reached skill level 7 in Fire Magic
 11141 | D:8      | Reached skill level 5 in Armour
 11193 | D:8      | Reached XP level 10. HP: 52/52 MP: 9/20
 11829 | D:8      | Found a large runed door.
 11945 | D:8      | Found a large runed door.
 11945 | D:8      | Found a large runed door.
 12320 | D:8      | Offered knowledge of Mephitic Cloud by Vehumet.
 12444 | D:8      | Learned a level 3 spell: Mephitic Cloud
 12789 | D:8      | Found a large runed door.
 12829 | D:8      | Learned a level 1 spell: Sandblast
 12833 | D:8      | Learned a level 3 spell: Stone Arrow
 12836 | D:8      | Learned a level 2 spell: Stoneskin
 12914 | D:8      | Reached skill level 1 in Earth Magic
 13038 | D:8      | Acquired Vehumet's second power
 13135 | D:8      | Got a smoking longbow
 13137 | D:8      | Identified the +5 longbow "Wasmakk" {freeze, rF+} (You found it on level 8 of the Dungeon)
 13593 | D:9      | Found Kiofysch's Antique Weapon Emporium.
 13599 | D:9      | Bought a runed flail for 84 gold pieces
 13638 | D:9      | Reached skill level 8 in Conjurations
 13804 | D:9      | Offered knowledge of Throw Icicle by Vehumet.
 13930 | D:9      | Learned a level 3 spell: Passwall
 14044 | D:9      | Found a glowing golden altar of the Shining One.
 14092 | D:9      | Found Dijuhem's Food Emporium.
 14313 | D:9      | Upgraded the game from 0.17-a0-670-g5d95ebd to 0.17-a0-701-gb6462b4
 14327 | D:10     | Entered Level 10 of the Dungeon
 14354 | D:10     | Reached XP level 11. HP: 57/57 MP: 17/22
 14441 | D:10     | Found a staircase to the Lair.
 14441 | D:10     | Noticed a death yak
 14482 | D:10     | Killed a death yak
 14482 | D:10     | Reached skill level 1 in Air Magic
 14605 | D:10     | Noticed an elephant
 14644 | D:10     | Killed an elephant
 14718 | D:10     | Acquired Vehumet's third power
 14741 | D:10     | Offered knowledge of Bolt of Magma by Vehumet.
 15144 | D:10     | Found a glowing golden altar of the Shining One.
 15250 | D:10     | Found a shadowy altar of Dithmenos.
 15271 | D:10     | Noticed a hill giant
 15283 | D:10     | Killed a hill giant
 15283 | D:10     | Reached skill level 9 in Conjurations
 15283 | D:10     | Reached skill level 5 in Earth Magic
 15658 | D:10     | Got an encrusted falchion
 15659 | D:10     | Identified the +8 falchion of a ziggurat {slice, MR+} (You took it off a centaur on level 10 of the Dungeon)
 15766 | Lair:1   | Entered Level 1 of the Lair of Beasts
 15778 | Lair:1   | Learned a level 5 spell: Bolt of Magma
 16934 | Lair:1   | You are sucked into a shaft!
 16939 | Lair:2   | Offered knowledge of Ignite Poison by Vehumet.
 16959 | Lair:2   | Got a slimy pewter ring
 16961 | Lair:2   | Identified the ring of Fun {rF+ rC+ MP+9 Dex+2} (You found it on level 2 of the Lair of Beasts)
 17085 | Lair:2   | Identified a scroll of acquirement
 17237 | Lair:2   | Reached skill level 1 in Shields
 17491 | Lair:2   | Reached XP level 12. HP: 55/62 MP: 24/24
 17574 | Lair:2   | Reached skill level 5 in Shields
 17993 | Lair:3   | Noticed Gastronok
 18028 | Lair:3   | Killed Gastronok
 18396 | Lair:3   | Found a radiant altar of Vehumet.
 18530 | Lair:3   | Reached skill level 10 in Shields
 18815 | Lair:3   | Reached skill level 10 in Conjurations
 19015 | Lair:4   | Found a basalt altar of Yredelemnul.
 19093 | Lair:4   | Found a staircase to the Snake Pit.
 19221 | Lair:4   | Noticed a death yak
 19229 | Lair:4   | Killed a death yak
 19278 | Lair:4   | Noticed a death yak
 19281 | Lair:4   | Noticed a death yak
 19290 | Lair:4   | Noticed Rupert
 19293 | Lair:4   | Killed a death yak
 19293 | Lair:4   | Reached XP level 13. HP: 61/68 MP: 26/26
 19303 | Lair:4   | Killed a death yak
 19423 | Lair:4   | Reached skill level 5 in Stealth
 19514 | Lair:4   | Noticed a four-headed hydra
 19526 | Lair:4   | Killed a four-headed hydra
 20118 | Lair:5   | Found a staircase to the Swamp.
 20142 | Lair:5   | Found a staircase to the Snake Pit.
 20648 | Lair:6   | Found a staircase to the Slime Pits.
 20754 | Lair:6   | Found a frozen archway.
 20828 | IceCv    | Entered an ice cave
 21052 | IceCv    | Reached skill level 11 in Conjurations
 21162 | IceCv    | Reached skill level 10 in Spellcasting
 21411 | IceCv    | Got a fine marble ring
 21423 | IceCv    | Identified the ring of the Republic {rPois Int+10} (You found it in an ice cave)
 21553 | Lair:6   | Learned a level 5 spell: Ignite Poison
 21582 | Lair:6   | Offered knowledge of Iskenderun's Battlesphere by Vehumet.
 21702 | Lair:6   | Noticed jernau's ghost (powerful HOFi)
 22532 | Lair:7   | Gained mutation: Your large and strong wings let you fly indefinitely. [Gargoyle growth]
 22532 | Lair:7   | Reached XP level 14. HP: 76/76 MP: 28/28
 22545 | Lair:7   | Reached skill level 10 in Fire Magic
 22751 | Lair:7   | Reached skill level 1 in Transmutations
 22754 | Lair:7   | Upgraded the game from 0.17-a0-701-gb6462b4 to 0.17-a0-702-gb3a3556
 23135 | Lair:7   | Noticed Snorg
 23327 | Lair:7   | Killed Snorg
 23501 | Lair:7   | Offered knowledge of Orb of Destruction by Vehumet.
 23845 | Lair:8   | Entered Level 8 of the Lair of Beasts
 23870 | Lair:8   | Noticed wotan's ghost (powerful MiBe)
 23940 | Lair:8   | Reached skill level 12 in Conjurations
 24456 | Lair:8   | Found a burning altar of Makhleb.
 24518 | Lair:8   | Reached skill level 5 in Fighting
 24561 | Lair:8   | Found a gateway to Hell.
 24720 | Lair:8   | Got a steaming scimitar
 24721 | Lair:8   | Identified the +7 scimitar "Veliuzi" {flame, rPois rF+ rC+ Stlth+} (You found it on level 8 of the Lair of Beasts)
 25087 | Lair:8   | Offered knowledge of Freezing Cloud by Vehumet.
 25182 | Lair:8   | Reached XP level 15. HP: 82/82 MP: 30/30
 25359 | Lair:8   | Killed wotan's ghost
 25577 | Lair:7   | Got a diamond-encrusted scale mail
 25588 | Lair:7   | Identified the cursed +0 scale mail of the Sparrow {SInv} (You found it on level 7 of the Lair of Beasts)
 26254 | D:11     | Reached skill level 1 in Long Blades
 26508 | D:11     | Noticed oplop's ghost (experienced DsGl)
 26520 | D:11     | Killed oplop's ghost
 27460 | D:12     | Noticed Erolcha
 27465 | D:12     | Killed Erolcha
 27526 | D:12     | Noticed Sonja
 27529 | D:12     | Killed Sonja
 27741 | D:12     | Upgraded the game from 0.17-a0-702-gb3a3556 to 0.17-a0-725-gfa8c127
 27772 | D:12     | Found a staircase to the Orcish Mines.
 27905 | D:12     | Found a stormy altar of Qazlal.
 28098 | Orc:1    | Entered Level 1 of the Orcish Mines
 28121 | Orc:1    | Offered knowledge of Ozocubu's Refrigeration by Vehumet.
 28170 | Orc:1    | Found a flagged portal.
 28182 | Bailey   | Entered a bailey
 28247 | Bailey   | Found a bloodstained altar of Trog.
 28332 | Bailey   | Learned a level 6 spell: Ozocubu's Refrigeration
 28487 | Orc:1    | Found a roughly hewn altar of Beogh.
 28777 | Orc:3    | Noticed Josephine
 28913 | Orc:3    | Killed Josephine
 29145 | Orc:2    | Found Miathois's Quality Used Wands.
 29162 | Orc:2    | Offered knowledge of Poison Arrow by Vehumet.
 29307 | Orc:2    | Found an iron altar of Okawaru.
 29759 | Orc:3    | Found a staircase to the Elven Halls.
 29939 | Orc:3    | Found a burning altar of Makhleb.
 30058 | Orc:3    | Reached skill level 13 in Conjurations
 30298 | Orc:4    | Entered Level 4 of the Orcish Mines
 30306 | Orc:4    | Offered knowledge of Conjure Ball Lightning by Vehumet.
 31049 | Orc:4    | Found Ady Joik's General Store.
 31050 | Orc:4    | Found Odaem's Food Emporium.
 31990 | Orc:4    | Learned a level 1 spell: Apportation
 32253 | Orc:4    | Reached skill level 1 in Translocations
 32481 | Orc:4    | Reached XP level 16. HP: 88/88 MP: 16/32
 32601 | Orc:4    | Found Wiocsina's Antique Weapon Shop.
 32601 | Orc:4    | Found Rutol's Gadget Boutique.
 32604 | Orc:4    | Found a one-way gate leading to the halls of Pandemonium.
 32795 | Orc:4    | Quit the game

Action                   |  1- 3 |  4- 6 |  7- 9 | 10-12 | 13-15 | 16-18 || total
-------------------------+-------+-------+-------+-------+-------+-------++-------
Melee: Club              |    25 |       |       |       |       |       ||    25
       Unarmed           |     4 |       |       |       |       |       ||     4
       Mace              |    36 |    54 |    75 |    62 |   424 |       ||   651
       Dagger            |       |     9 |       |       |       |       ||     9
       Dire flail        |       |       |       |    90 |       |       ||    90
       Falchion          |       |       |       |   144 |   422 |       ||   566
       Scimitar          |       |       |       |       |   218 |       ||   218
 Cast: Flame Tongue      |    47 |    80 |   192 |   230 |   522 |       ||  1071
       Throw Flame       |       |     9 |    96 |   145 |   319 |       ||   569
       Conjure Flame     |       |       |     4 |    13 |    14 |       ||    31
       Sticky Flame      |       |       |     2 |    49 |   150 |       ||   201
       Shock             |       |       |    21 |    18 |       |       ||    39
       Sting             |       |       |     1 |    55 |     2 |       ||    58
       Mephitic Cloud    |       |       |       |    27 |   109 |       ||   136
       Passwall          |       |       |       |     2 |       |       ||     2
       Stoneskin         |       |       |       |     3 |    34 |       ||    37
       Bolt of Magma     |       |       |       |     3 |   118 |       ||   121
       Sandblast         |       |       |       |       |    51 |       ||    51
       Ignite Poison     |       |       |       |       |    20 |       ||    20
 Abil: Stop Flying       |       |       |       |     1 |     1 |       ||     2
       Evoke Flight      |       |       |       |     1 |       |       ||     1
       Fly               |       |       |       |       |     1 |       ||     1
Evoke: Wand              |       |       |       |     1 |     1 |       ||     2
  Use: Scroll            |     5 |     2 |    11 |    12 |    20 |     1 ||    51
       Potion            |     1 |       |       |       |     7 |       ||     8
 Stab: Sleeping          |     1 |     2 |       |     3 |    10 |       ||    16
       Confused          |       |       |       |     7 |    34 |       ||    41
       Distracted        |       |       |       |     1 |       |       ||     1
       Invisible         |       |       |       |       |     2 |       ||     2
  Eat: Chunk             |     5 |     9 |    20 |    30 |    58 |     1 ||   123
       Pizza             |       |       |     1 |       |     2 |       ||     3
       Bread ration      |       |       |       |       |     1 |       ||     1
